 Dungeon Crawl Stone Soup version 0.28.0-53-g5a82cb258f (webtiles) character file.

Game seed: 7150685311791872822

287 nickcage the Chiller (level 6, -15/32 HPs)
             Began as a Deep Elf Ice Elementalist on June 27, 2022.
             Demolished by Blork the orc
             ... wielding a +2 battleaxe of venom
              (25 damage)
             ... on level 5 of the Dungeon.
             The game lasted 00:15:03 (4745 turns).

nickcage the Chiller (Deep Elf Ice Elementalist)    Turns: 4745, Time: 00:15:04

Health: -15/32     AC:  3    Str:  5    XL:     6   Next: 8%
Magic:  12/15      EV: 12    Int: 22    God:
Gold:   150        SH:  0    Dex: 15    Spells: 8/15 levels left

rFire   . . .      SeeInvis .   q - +1 demon blade (elec)
rCold   + . .      Faith    .   (no shield)
rNeg    . . .      Spirit   .   a - +0 robe
rPois   .          Reflect  .   (no helmet)
rElec   .          Harm     .   (no cloak)
rCorr   .          Rampage  .   k - +0 pair of gloves
Will    .....                   (no boots)
Stlth   ++........              (no amulet)
HPRegen 0.10/turn               o - ring of protection from cold
MPRegen 0.14/turn               (no ring)

@: lethally poisoned (-15 -> -35), freezing walls
A: no striking features
a: no special abilities


You were on level 5 of the Dungeon.
You visited 1 branch of the dungeon, and saw 5 of its levels.

You collected 150 gold pieces.

Inventory:

Hand Weapons
 b - a +0 dagger
 j - a +2 flail of protection
 q - a +1 demon blade of electrocution (weapon)
Armour
 a - a +0 robe (worn)
 k - a +0 pair of gloves (worn)
 n - a +0 buckler
Jewellery
 o - a ring of protection from cold (left hand)
Wands
 c - a wand of polymorph (10)
 l - a wand of flame (13)
Scrolls
 h - a scroll of enchant weapon
 p - 3 scrolls of teleportation
 r - a scroll of blinking {unknown}
Potions
 d - a potion of flight
 e - 2 potions of attraction
 f - 2 potions of degeneration
 g - 3 potions of curing
 i - 2 potions of haste {unknown}
 m - 2 potions of heal wounds {unknown}


   Skills:
 - Level 0.2 Short Blades
 - Level 0.1 Maces & Flails
 - Level 2.4 Dodging
 - Level 2.4 Stealth
 + Level 5.2 Spellcasting
 + Level 7.1 Ice Magic


You had 8 spell levels left.
You knew the following spells:

 Your Spells              Type           Power      Damage    Failure   Level
a - Freeze                Ice            100%       1d11      1%          1
b - Frozen Ramparts       Ice            74%        1d9       1%          3
c - Ozocubu's Armour      Ice            37%        N/A       1%          3

Your spell library contained the following spells:

 Spells                   Type           Power      Damage    Failure   Level
 Scorch                   Fire           10%        2d6       16%         2
 Hailstorm                Conj/Ice       21%        3d6       22%         4
 Flame Wave               Conj/Fire      5%         2d5       69%         4
 Summon Cactus Giant      Summ           2%         N/A       100%        6


Dungeon Overview and Level Annotations

Branches:
Dungeon (5/15)
 Temple: D:4-7

Altars:
Makhleb

Annotations:
D:4 2 transporters
D:5 Blork the orc


Message History

You kill the scorpion!
You feel sick.
Your Spellcasting skill increases to level 5!
Your Ice Magic skill increases to level 7!
You have reached level 6!
You start resting.
You feel sick. x4
The frozen ramparts melt away.
You feel sick.
You start resting.
You feel sick.
You are no longer poisoned.
You start resting.
Your icy armour starts to melt.
You start resting.
Your icy armour evaporates.
There is a stone staircase leading up here.
You start resting.
Magic restored.
You start resting.
HP restored.
There is an open door here.
You see here a scorpion corpse.
Blork the orc shouts!
Blork the orc drinks a potion.
Blork the orc seems to grow stronger.
Blork the orc mumbles some strange words.
Blork the orc seems to speed up.
You hit Blork the orc.
Blork the orc is lightly wounded.
Blork the orc hits you with a +2 battleaxe of venom!
Ouch! That really hurt!
You are lethally poisoned!
Casting: Freeze (safe; 1% risk of failure)
Confirm with . or Enter, or press ? or * to list all spells.
Casting: Frozen Ramparts (safe; 1% risk of failure)
Press: ? - help, Dir - look around, f - activate The walls around you are covered in ice.
You feel very sick.
The wall freezes Blork the orc.
Blork the orc begins to cast a cantrip, but forgets the words!
The wall freezes Blork the orc but does no damage.
Blork the orc hits you with a +2 battleaxe of venom!!
Ouch! That really hurt!
You die...

#########
.........
#........
#o.......
#@.......
#........
#####......$.
#<..†........
#####........
#........
#####+###


You could see Blork the orc (fast, strong).

Vanquished Creatures
  A scorpion (D:5)
  A centaur skeleton (D:4)
  A gnoll shaman (D:4)
  An iguana (D:4)
  4 gnolls (D:4)
  A howler monkey skeleton (D:3)
  An adder (D:2)
  2 adder skeletons (D:4)
  2 dart slugs
  2 orcs (D:3)
  8 endoplasms
  15 giant cockroaches
  5 goblins
  8 hobgoblins
  7 ball pythons
  6 bats
  3 frilled lizards (D:1)
  5 kobolds
  9 rats
82 creatures vanquished.

Notes
Turn   | Place    | Note
-------+----------+-------------------------------------------
     0 | D:1      | nickcage the Deep Elf Ice Elementalist began the quest for
                  | the Orb.
     0 | D:1      | Reached XP level 1. HP: 10/10 MP: 6/6
   253 | D:1      | Reached XP level 2. HP: 15/15 MP: 5/8
   445 | D:1      | Reached skill level 5 in Ice Magic
  1063 | D:2      | Reached XP level 3. HP: 19/19 MP: 6/9
  1245 | D:1      | Learned a level 3 spell: Frozen Ramparts
  1249 | D:1      | Learned a level 3 spell: Ozocubu's Armour
  1662 | D:2      | Found a burning altar of Makhleb.
  2245 | D:3      | Reached skill level 6 in Ice Magic
  2678 | D:3      | Reached XP level 4. HP: 24/24 MP: 7/10
  2928 | D:3      | Found a faded altar of an unknown god.
  3399 | D:4      | Noticed a phantom
  3842 | D:4      | Found a transporter.
  4049 | D:4      | Reached XP level 5. HP: 23/28 MP: 3/13
  4203 | D:4      | Noticed an ogre
  4280 | D:4      | Found a transporter.
  4609 | D:5      | Entered Level 5 of the Dungeon
  4613 | D:5      | Noticed Blork the orc
  4622 | D:5      | Reached skill level 5 in Spellcasting
  4622 | D:5      | Reached skill level 7 in Ice Magic
  4622 | D:5      | Reached XP level 6. HP: 26/32 MP: 7/15
  4745 | D:5      | Demolished by Blork the orc

Illustrated notes

Levels and vault maps discovered:
D:1:      dpeg_arrival_rhombi, layout_loops_cross, nicolae_figureground_pulse
D:2:      minmay_roachtagon, layout_loops_ring, basic_altar
D:3:      layout_loops_cross, chequers_ecumenical_altar_simple_redux
D:4:      gammafunk_wand_slinger, layout_basic, hangedman_decor_lopped
D:5:      cheibrodos_fzero, layout_basic, gammafunk_ghost_gnarly_gnolls,
          uniq_blork_the_orc, uniq_menkaure

Skill      XL: |  1  2  3  4  5 |
---------------+----------------+-----
Ice Magic      | 5 6 7 |  7.1
Spellcasting   | 4 5 |  5.2
Short Blades   | |  0.2
Maces & Flails | |  0.1
Dodging        | |  2.4
Stealth        | |  2.4

Action                   |  1- 3 |  4- 6 || total
-------------------------+-------+-------++-------
Melee: Dagger            |    36 |       ||    36
       Flail             |     8 |    20 ||    28
       Demon blade       |       |    10 ||    10
       Punch             |       |     1 ||     1
 Cast: Freeze            |    43 |    39 ||    82
       Frozen Ramparts   |     3 |     6 ||     9
       Ozocubu's Armour  |     3 |     4 ||     7
Evoke: Wand              |       |     1 ||     1
  Use: Scroll            |     1 |     5 ||     6
 Stab: Sleeping          |    13 |     2 ||    15
Armor: Robe              |    15 |    25 ||    40
Dodge: Dodged            |    48 |    40 ||    88
